[Event "*** Titled Tuesday Blitz"]
[Site "Chess.com"]
[Date "2020.05.05"]
[Round "4"]
[White "VALPARAISO37"]
[Black "Luibov_AN"]
[Result "1-0"]
[WhiteElo "2388"]
[BlackElo "2099"]
[TimeControl "180+1"]
[EndTime "10:38:17 PDT"]
[Termination "VALPARAISO37 won by resignation"]

1. d4 g6 2. e4 Bg7 3. c4 c5 4. d5 e5 5. Nc3 d6 6. Bd3 Nf6 7. h3 h6 8. a3 Na6 9. Be3 Nc7 10. b4 b6 11. Rb1 O-O 12. g4 Nh7 13. Nge2 Kh8 14. Ng3 Qh4 15. Kd2 Ne8 16. Kc2 cxb4 17. axb4 Bd7 18. Kb3 Nef6 19. Qc2 Ng8 20. Ra1 Ne7 21. Qe2 f5 22. gxf5 gxf5 23. Nxf5 Nxf5 24.
exf5 Bxf5 25. Bxf5 Rxf5 26. Bxb6 Raf8 27. Be3 Rc8 28. Rxa7 Ng5 29. Qg4 Rf3 30. Qxc8+ 1-0

[Event "*** Titled Tuesday Blitz"]
[Site "Chess.com"]
[Date "2020.05.05"]
[Round "4"]
[White "Azoulas1"]
[Black "Dr_Thomas_Quilter"]
[Result "1-0"]
[WhiteElo "1906"]
[BlackElo "2118"]
[TimeControl "180+1"]
[EndTime "10:38:18 PDT"]
[Termination "Azoulas1 won by resignation"]

1. e4 c5 2. Nf3 d6 3. d4 cxd4 4. Nxd4 Nf6 5. Nc3 a6 6. Bg5 Qa5 7. Bxf6 gxf6 8. Bc4 b5 9. Bb3 e6 10. O-O Be7 11. f4 Bb7 12. Qh5 Kd7 13. Qxf7 b4 14.
Bxe6+ Kd8 15. Nd5 Bxd5 16. Bxd5 Ra7 17. Ne6+ Kd7 18. Rad1 Nc6 19. e5 fxe5 20. fxe5 Nxe5 21. Qf5 Rg8 22. Nc5+ Kd8 23. Bxg8 Qxc5+ 24. Kh1 Nf3 25. Qxf3 1-0

[Event "*** Titled Tuesday Blitz"]
[Site "Chess.com"]
[Date "2020.05.05"]
[Round "4"]
[White "yamalchess"]
[Black "PotapovaM"]
[Result "0-1"]
[WhiteElo "2547"]
[BlackElo "2384"]
[TimeControl "180+1"]
[EndTime "10:38:19 PDT"]
[Termination "PotapovaM won on time"]

1. d4 Nf6 2. c4 g6 3. Nc3 d5 4. Bf4 Bg7 5. Qa4+ c6 6. Bxb8 Rxb8 7. Qxa7 Bd7 8. cxd5 cxd5 9. Qa3 O-O 10. e3 b5 11. Qb4 Re8 12. Nf3 e6 13. Bd3 Bf8 14. Qb3 b4 15. Ne2 Qa5 16. Bc2 Bb5 17. Ne5 Rec8 18. Bd1 Ra8 19. O-O Ne4 20. a3 Nd2 0-1

[Event "*** Titled Tuesday Blitz"]
[Site "Chess.com"]
[Date "2020.05.05"]
[Round "4"]
[White "svilson23"]
[Black "erlesfar"]
[Result "0-1"]
[WhiteElo "2243"]
[BlackElo "2441"]
[TimeControl "180+1"]
[EndTime "10:38:19 PDT"]
[Termination "erlesfar won by resignation"]

1. d4 Nf6 2. Bg5 Ne4 3. Bf4 c5 4. f3 Nf6 5. dxc5 d5 6. cxd6 Nc6 7. dxe7 Qxe7 8. e4 Qb4+ 9. Nd2 Bc5 10. Rb1 O-O 11. c3 Qb6 12. Nc4 Bf2+ 13. Ke2 Qc5 14. Be3 Bxe3 15. Nxe3 Be6 16. Kf2 Rad8 17. Qc2 Bxa2 18.
Ra1 Be6 19. Ne2 Ne5 20. Nf4 Nfg4+ 21. fxg4 Nxg4+ 22. Ke1 Qxe3+ 0-1

[Event "*** Titled Tuesday Blitz"]
[Site "Chess.com"]
[Date "2020.05.05"]
[Round "4"]
[White "pichonazo"]
[Black "Safar_From_Afar"]
[Result "1/2-1/2"]
[WhiteElo "2510"]
[BlackElo "2296"]
[TimeControl "180+1"]
[EndTime "10:38:20 PDT"]
[Termination "Game drawn by agreement"]

1. e4 c5 2. c3 Nf6 3. e5 Nd5 4. Nf3 Nc6 5. Bc4 Nb6 6. Bb3 d5 7. exd6 Qxd6 8. O-O Be6 9. Na3 Bxb3 10. axb3 Qd3 11.
Re1 Rd8 12. Qe2 e6 13. Qxd3 Rxd3 14. Re3 Rd7 15. d3 Be7 16. Nc4 Nxc4 17. bxc4 O-O 18. Kf1 Rfd8 19. Ne1 Bg5 20. Re2 Bxc1 21. Rxc1 a6 22. b3 Kf8 23. Re3 Rd6 24. Ke2 f6 25. h4 Kf7 26. h5 Ne5 27. Ra1 h6 28. Ra5 Rc8 29. Nf3 Nxf3 30. Rxf3 Rb6 31. Ra3 Rd6 1/2-1/2

[Event "*** Titled Tuesday Blitz"]
[Site "Chess.com"]
[Date "2020.05.05"]
[Round "4"]
[White "kpio91"]
[Black "dragos420"]
[Result "1-0"]
[WhiteElo "2761"]
[BlackElo "2505"]
[TimeControl "180+1"]
[EndTime "10:38:22 PDT"]
[Termination "kpio91 won by resignation"]

1. d4 Nf6 2. c4 e6 3. Nc3 Bb4 4.
Bd2 O-O 5. Nf3 d5 6. e3 b6 7.
cxd5 exd5 8. Rc1 c6 9. Ne5 Bd6 10. Bd3 Qe7 11. f4 Nfd7 12. O-O g6 13. Qf3 f5 14.
Nxc6 Nxc6 15. Qxd5+ Kg7 16. Qxc6 Rb8 17. Nd5 Qe6 18. Bb4 Ne5 19. fxe5 1-0

[Event "*** Titled Tuesday Blitz"]
[Site "Chess.com"]
[Date "2020.05.05"]
[Round "4"]
[White "UmutErdemGunduz"]
[Black "starworld123"]
[Result "0-1"]
[WhiteElo "2403"]
[BlackElo "2627"]
[TimeControl "180+1"]
[EndTime "10:38:24 PDT"]
[Termination "starworld123 won by resignation"]

1. e4 c5 2. Nf3 d6 3. d4 cxd4 4. Nxd4 Nf6 5. f3 e5 6. Nb3 a5 7. a4 Nc6 8. c4 Be6 9. Be3 Rc8 10.
Be2 Be7 11. O-O O-O 12. Qd2 Nd7 13. Rc1 Nc5 14. Ra3 Qb6 15. Nxc5 dxc5 16. Nc3 Nd4 17. Bf1 Nb3 18. Rxb3 Qxb3 19. Nd5 Bxd5 20. cxd5 c4 21. d6 Bxd6 22. Rc3 Bb4 23. Bxc4 Qxc4 0-1

[Event "*** Titled Tuesday Blitz"]
[Site "Chess.com"]
[Date "2020.05.05"]
[Round "4"]
[White "garicradomir"]
[Black "aNaartjieZA"]
[Result "0-1"]
[WhiteElo "2368"]
[BlackElo "2602"]
[TimeControl "180+1"]
[EndTime "10:38:29 PDT"]
[Termination "aNaartjieZA won by resignation"]

1. e4 e6 2. d4 d5 3. Nc3 Bb4 4.
e5 c5 5. a3 Bxc3+ 6. bxc3 Ne7 7.
Qg4 Qc7 8. Qxg7 Rg8 9. Qxh7 cxd4 10. Qd3 Nbc6 11. Nf3 Nxe5 12. Nxe5 Qxe5+ 13. Be2 dxc3 14.
O-O Bd7 15. Rb1 Bc6 16. f4 Qg7 17. Bf3 Nf5 18. Rxb7 Bxb7 19. Qb5+ Kf8 20. Qxb7 Qd4+ 21. Rf2 Kg7 22. g4 Rab8 23. Qa6 Rb1 24. Qf1 Ne3 25.
Qe2 Rxc1+ 0-1

[Event "*** Titled Tuesday Blitz"]
[Site "Chess.com"]
[Date "2020.05.05"]
[Round "4"]
[White "Quiet_Desperation"]
[Black "tamarozi99"]
[Result "1-0"]
[WhiteElo "2210"]
[BlackElo "1998"]
[TimeControl "180+1"]
[EndTime "10:38:30 PDT"]
[Termination "Quiet_Desperation won by resignation"]

1. e4 c5 2. d4 cxd4 3. c3 dxc3 4.
Nxc3 Nc6 5. Nf3 e6 6. Bc4 a6 7. O-O Nge7 8. Bg5 b5 9. Bb3 h6 10.
Bh4 g5 11. Bg3 Ng6 12. e5 Qc7 13. Re1 Be7 14. Rc1 h5 15. h3 g4 16. hxg4 hxg4 17. Nd4 Bb7 18. Qxg4 Rc8 19. Nf3 d6 20. Bxe6 Ngxe5 21. Nxe5 Nxe5 22. Bxe5 dxe5 23. Bxc8 Bxc8 24. Qg3 Qb6 25. Nd5 1-0

[Event "*** Titled Tuesday Blitz"]
[Site "Chess.com"]
[Date "2020.05.05"]
[Round "4"]
[White "EfrenRamos1"]
[Black "Warre"]
[Result "0-1"]
[WhiteElo "2198"]
[BlackElo "2444"]
[TimeControl "180+1"]
[EndTime "10:38:31 PDT"]
[Termination "Warre won by resignation"]

1. d4 d5 2. c4 dxc4 3. e3 Nf6 4.
Bxc4 e6 5. Nf3 a6 6. O-O b5 7.
Bb3 Bb7 8. Nc3 Nbd7 9. d5 exd5 10. Nxd5 Bd6 11. Nxf6+ Nxf6 12. Bc2 O-O 13. b3 Ng4 14. Qd3 g6 15. Bb2 Bxf3 16. gxf3 Qh4 17. Qxd6 cxd6 18.
fxg4 Qxg4+ 19. Kh1 Rac8 20. Bd1 Qe4+ 21. Kg1 Rc5 22. f3 Qxe3+ 23. Rf2 Rfc8 24. Kf1 Rd5 25. Re2 Qxf3+ 26. Ke1 Qh1+ 27. Kf2 Rxd1 28. Rxd1 Qxd1 0-1

[Event "*** Titled Tuesday Blitz"]
[Site "Chess.com"]
[Date "2020.05.05"]
[Round "4"]
[White "Pultis"]
[Black "ManuDavid2910"]
[Result "0-1"]
[WhiteElo "2796"]
[BlackElo "2643"]
[TimeControl "180+1"]
[EndTime "10:38:33 PDT"]
[Termination "ManuDavid2910 won by resignation"]

1. d4 Nf6 2. c4 e6 3. Nf3 d5 4. g3 c5 5. cxd5 exd5 6. Bg2 Nc6 7. O-O Bg4 8. Ne5 cxd4 9. Nxg4 Nxg4 10. e3 Nf6 11. exd4 Be7 12. Nc3 O-O 13. Bg5 h6 14. Be3 Qd7 15. h3 Rfd8 16. Qa4 Rac8 17. Rad1 a6 18. Rfe1 Bf8 19. Bf4 Bb4 20. a3 Bxc3 21.
bxc3 Qf5 22. Re3 Ne4 23. Rde1 g5 24. Be5 Qxf2+ 25. Kh1 Nxe5 26. dxe5 Rxc3 27. Qa5 Rdc8 28. Qb6 Rxe3 29. Qxe3 Nxg3+ 30. Kh2 Nf1+ 0-1

[Event "*** Titled Tuesday Blitz"]
[Site "Chess.com"]
[Date "2020.05.05"]
[Round "4"]
[White "RestartingChess"]
[Black "xamax2000"]
[Result "1-0"]
[WhiteElo "2499"]
[BlackElo "2698"]
[TimeControl "180+1"]
[EndTime "10:38:33 PDT"]
[Termination "RestartingChess won by resignation"]

1. e4 c5 2. Nf3 e6 3. b3 b6 4. Bb2 Bb7 5. e5 d6 6. exd6 Qxd6 7. Nc3 Nf6 8. Bb5+ Nbd7 9. Qe2 a6 10. Bxd7+ Qxd7 11. d3 Qc6 12. O-O-O Be7 13. Ne5 Qc7 14. f4 Nd5 15. Nxd5 Bxd5 16. Rhf1 Bf6 17. g4 O-O-O 18. g5 Be7 19. Nxf7 Bd6 20. Nxh8 Bxf4+ 21. Kb1 Rxh8 22. c4 Bc6 23. Qxe6+ Kb7 24. Bc1 Re8 25. Bxf4 1-0

[Event "*** Titled Tuesday Blitz"]
[Site "Chess.com"]
[Date "2020.05.05"]
[Round "4"]
[White "EddieMarsalla"]
[Black "Blitzking642"]
[Result "1-0"]
[WhiteElo "2507"]
[BlackElo "2303"]
[TimeControl "180+1"]
[EndTime "10:38:33 PDT"]
[Termination "EddieMarsalla won by resignation"]

1. d4 Nf6 2. Bg5 e6 3. Nd2 c5 4.
e3 b6 5. f4 Bb7 6. Ngf3 Be7 7.
c3 O-O 8. Bc4 d6 9. O-O Nbd7 10.
Qe2 Rc8 11. Rad1 Qc7 12. Bd3 d5 13. Ne5 Rfe8 14. f5 Ne4 15. Bxe7 Rxe7 16. Nxd7 Nxd2 17.
Rxd2 Rxd7 18. f6 g6 19. Qg4 Qd6 20. Qg5 cxd4 21. exd4 Qf8 22. Rf4 a6 23. h4 h6 24.
Qg3 b5 25. Rdf2 Kh8 26. Bxg6 fxg6 27. f7 Qg7 28. f8=Q+ Rxf8 29. Rxf8+ Kh7 30. Qf4 1-0

[Event "*** Titled Tuesday Blitz"]
[Site "Chess.com"]
[Date "2020.05.05"]
[Round "4"]
[White "CaptainTheTT"]
[Black "Joshukid"]
[Result "1-0"]
[WhiteElo "2238"]
[BlackElo "2556"]
[TimeControl "180+1"]
[EndTime "10:38:34 PDT"]
[Termination "CaptainTheTT won by resignation"]

1. e4 g6 2. d4 Bg7 3. Nc3 d5 4. Nxd5 c6 5. Nc3 Qxd4 6. Qxd4 Bxd4 7. Nf3 Bb6 8. Bc4 f6 9. O-O e5 10. Rd1 Bg4 11. a4 Bxf3 12. gxf3 g5 13. a5 Bc7 14. b4 h5 15. b5 Ne7 16. Be3 Nd7 17. a6 bxa6 18.
Rxa6 Nb6 19. Be6 Kf8 20. Bc5 Rh7 21. bxc6 Ke8 22. Nb5 Nxc6 23. Nxc7+ Rxc7 24. Bxb6 1-0

[Event "*** Titled Tuesday Blitz"]
[Site "Chess.com"]
[Date "2020.05.05"]
[Round "4"]
[White "crackcubano"]
[Black "Charlottemillard17"]
[Result "1-0"]
[WhiteElo "2606"]
[BlackElo "1428"]
[TimeControl "180+1"]
[EndTime "10:38:34 PDT"]
[Termination "crackcubano won by checkmate"]

1. e4 e5 2. Nf3 Nc6 3. Bc4 Bc5 4. c3 h6 5. d4 exd4 6. cxd4 Bb4+ 7. Nc3 d6 8. O-O Bxc3 9. bxc3 Nge7 10. h3 O-O 11.
Bb3 Kh8 12. Re1 f5 13. e5 dxe5 14. Nxe5 Nxe5 15. Rxe5 Ng6 16. Re1 f4 17. Ba3 Rf6 18.
c4 f3 19. g3 Bxh3 20. d5 Qd7 21. c5 Rd8 22. Bb2 Rf5 23. d6 cxd6 24. Be6 Qc7 25.
Bxf5 Bxf5 26. Qxf3 Rf8 27. cxd6 Qxd6 28. Qxb7 Qc5 29. Qxg7# 1-0

[Event "*** Titled Tuesday Blitz"]
[Site "Chess.com"]
[Date "2020.05.05"]
[Round "4"]
[White "NewBornNow"]
[Black "CroissantNeuf"]
[Result "1-0"]
[WhiteElo "2599"]
[BlackElo "2361"]
[TimeControl "180+1"]
[EndTime "10:38:36 PDT"]
[Termination "NewBornNow won by resignation"]

1. e4 c6 2. d4 d5 3. e5 c5 4. c4 cxd4 5. Nf3 Nc6 6. cxd5 Qxd5 7. Nc3 Qa5 8. Nxd4 Qxe5+ 9. Be3 Nxd4 10. Qxd4 Qxd4 11.
Bxd4 e6 12. Nb5 Bb4+ 13. Ke2 e5 14. Bxe5 f6 15. Nc7+ Kd8 16. Bg3 Nh6 17. Rd1+ Bd7 18. Nxa8 Re8+ 19. Kd3 Ba5 20. Be2 Bb5+ 21. Kc2+ 1-0

[Event "*** Titled Tuesday Blitz"]
[Site "Chess.com"]
[Date "2020.05.05"]
[Round "4"]
[White "Alliswell998"]
[Black "Kensei26"]
[Result "1-0"]
[WhiteElo "2493"]
[BlackElo "2155"]
[TimeControl "180+1"]
[EndTime "10:38:38 PDT"]
[Termination "Alliswell998 won by resignation"]

1. e4 d6 2. Nc3 Nf6 3. f4 d5 4.
e5 d4 5. exf6 dxc3 6. fxg7 cxd2+ 7.
Qxd2 Qxd2+ 8. Bxd2 Bxg7 9. O-O-O Nc6 10. Nf3 Be6 11. Bb5 a6 12. Bxc6+ bxc6 13. Ne5 Bxe5 14.
fxe5 O-O-O 15. Bb4 Rxd1+ 16. Rxd1 Rg8 17. g3 f6 18.
Bxe7 fxe5 19. Re1 Kd7 20. Bf6 Rf8 21. Bxe5 Rf2 22. Rd1+ Bd5 23. c4 Ke6 24. Bd4 Rxh2 25. cxd5+ cxd5 26. Re1+ Kd6 27. Be5+ Kd7 28. Rf1 c5 29. Rf6 Re2 30. Bf4 d4 31. Rxa6 Ke7 32. Bd6+ 1-0

[Event "*** Titled Tuesday Blitz"]
[Site "Chess.com"]
[Date "2020.05.05"]
[Round "4"]
[White "petroniy_arbitr"]
[Black "Anna_ChessMate"]
[Result "0-1"]
[WhiteElo "2310"]
[BlackElo "2516"]
[TimeControl "180+1"]
[EndTime "10:38:40 PDT"]
[Termination "Anna_ChessMate won by resignation"]

1. d4 Nf6 2. c4 g6 3. Nc3 d5 4.
cxd5 Nxd5 5. e3 Bg7 6. Nxd5 Qxd5 7. Ne2 O-O 8. Nc3 Qa5 9. Bd2 e5 10. d5 c6 11. e4 cxd5 12. Nxd5 Qd8 13. Rc1 Nc6 14.
Bc4 Kh8 15. O-O f5 16. exf5 Bxf5 17. Bc3 Nd4 18. Re1 b5 19. Bxd4 exd4 20. Bb3 a5 21. Nc7 Rb8 22. Ne6 Bxe6 23. Rxe6 a4 24. Bc2 Qd5 25. Qg4 Qxa2 26. Rxg6 Qxb2 27. Rd1 Qxc2 28.
Rxg7 Qxf2+ 0-1

[Event "*** Titled Tuesday Blitz"]
[Site "Chess.com"]
[Date "2020.05.05"]
[Round "4"]
[White "robertofabregas"]
[Black "Trickov"]
[Result "0-1"]
[WhiteElo "2086"]
[BlackElo "2291"]
[TimeControl "180+1"]
[EndTime "10:38:41 PDT"]
[Termination "Trickov won on time"]

1. d4 d5 2. Bf4 Nf6 3. e3 c5 4. c3 Qb6 5. Qb3 c4 6. Qxb6 axb6 7.
Nd2 b5 8. a3 Bf5 9. h3 Nbd7 10.
g4 Bg6 11. Bg2 e6 12. Ngf3 h6 13. O-O Nb6 14. Ne5 Bh7 15. e4 Nxe4 16. Nxe4 dxe4 17. g5 hxg5 18. Bg3 f6 0-1

[Event "*** Titled Tuesday Blitz"]
[Site "Chess.com"]
[Date "2020.05.05"]
[Round "4"]
[White "chessdjw"]
[Black "kingofthenil"]
[Result "1-0"]
[WhiteElo "2657"]
[BlackElo "2468"]
[TimeControl "180+1"]
[EndTime "10:38:42 PDT"]
[Termination "chessdjw won on time"]

1. e4 e6 2. d4 d5 3. Nc3 Nf6 4. e5 Nfd7 5. f4 c5 6. Nf3 Nc6 7. Be3 Be7 8. Qd2 O-O 9. dxc5 Qa5 10. a3 Bxc5 11. Be2 a6 12. O-O Bxe3+ 13. Qxe3 b5 14. Nd4 Nxd4 15. Qxd4 Qb6 16. Rad1 Qxd4+ 17. Rxd4 Bb7 18.
a4 bxa4 19. Rxa4 Nc5 20. Ra5 Rfc8 21. Rd1 Rc7 22. Rd4 Rac8 23. Kf2 f6 24. exf6 gxf6 25. Bf3 e5 26. fxe5 fxe5 27. Bxd5+ Bxd5 28. Rg4+ Rg7 29.
Rxg7+ Kxg7 30. Nxd5 Ne4+ 31. Ke3 Nd6 32. Rxa6 Nc4+ 33.
Ke4 Nxb2 34. c3 Nc4 35. g4 1-0

[Event "*** Titled Tuesday Blitz"]
[Site "Chess.com"]
[Date "2020.05.05"]
[Round "4"]
[White "IMinTheWings"]
[Black "PavelChernomordik"]
[Result "0-1"]
[WhiteElo "2182"]
[BlackElo "2412"]
[TimeControl "180+1"]
[EndTime "10:38:42 PDT"]
[Termination "PavelChernomordik won by resignation"]

1. c4 g6 2. d4 Bg7 3. e4 Nc6 4. Nf3 d6 5. Nc3 Bg4 6. Be3 Bxf3 7. gxf3 e5 8. d5 Nd4 9. f4 c5 10. dxc6 bxc6 11. Bg2 Nf6 12. O-O Nd7 13. fxe5 dxe5 14. b4 O-O 15. a4 a5 16. b5 Nb6 17. Qd3 Nf3+ 18. Bxf3 Qxd3 19. Be2 Qxc3 20. Rfc1 Qb2 21. Bd1 Nxc4 22. Rab1 Qxb1 23. Rxb1 Nxe3 24. fxe3 cxb5 25.
axb5 a4 26. b6 a3 27. b7 Rab8 0-1

[Event "*** Titled Tuesday Blitz"]
[Site "Chess.com"]
[Date "2020.05.05"]
[Round "4"]
[White "Nikolaj_6"]
[Black "GMJustin"]
[Result "1-0"]
[WhiteElo "2609"]
[BlackElo "2382"]
[TimeControl "180+1"]
[EndTime "10:38:44 PDT"]
[Termination "Nikolaj_6 won on time"]

1. e4 e5 2. Nf3 Nc6 3. Bb5 d6 4.
d4 exd4 5. Nxd4 Bd7 6. Bxc6 bxc6 7.
O-O c5 8. Ne2 g6 9. Nbc3 Bg7 10.
Bf4 Ne7 11. Qd2 Rb8 12. Bh6 O-O 13. Bxg7 Kxg7 14. b3 f5 15. Rad1 Bc6 16. e5 d5 17.
Nf4 Qd7 18. Ncxd5 Bxd5 19. Nxd5 Rbd8 20. c4 c6 21. e6 Qxe6 22. Qb2+ Kf7 23. Rde1 1-0

[Event "*** Titled Tuesday Blitz"]
[Site "Chess.com"]
[Date "2020.05.05"]
[Round "4"]
[White "PauloCesarCosta_sad"]
[Black "mikolka1985"]
[Result "0-1"]
[WhiteElo "2193"]
[BlackElo "2571"]
[TimeControl "180+1"]
[EndTime "10:38:44 PDT"]
[Termination "mikolka1985 won on time"]

1. Nf3 Nf6 2. c4 b6 3. g3 Bb7 4. Bg2 e6 5. O-O Be7 6. Nc3 O-O 7. d4 Ne4 8. Qc2 Nxc3 9. Qxc3 Be4 10. Ne1 Bxg2 11.
Nxg2 d6 12. Be3 c5 13. dxc5 bxc5 14. Rfd1 Qc7 15. Nf4 Nc6 16. Rd2 Rfd8 17. Rc1 Rab8 18. b3 Bf6 19. Qc2 a5 20. Nh5 Be5 21. Qe4 a4 22. bxa4 Ra8 23. f4 Bd4 24. Bxd4 Nxd4 25. e3 f5 0-1

[Event "*** Titled Tuesday Blitz"]
[Site "Chess.com"]
[Date "2020.05.05"]
[Round "4"]
[White "IsaacWiebe"]
[Black "sjevtic"]
[Result "1-0"]
[WhiteElo "2148"]
[BlackElo "2303"]
[TimeControl "180+1"]
[EndTime "10:38:44 PDT"]
[Termination "IsaacWiebe won by resignation"]

1. d4 d5 2. c4 e6 3. Nc3 Nf6 4.
Bg5 Be7 5. e3 Nbd7 6. Nf3 c6 7.
Rc1 h6 8. Bh4 O-O 9. Qc2 dxc4 10.
Bxc4 b5 11. Bd3 a6 12. O-O Bb7 13. Ne4 c5 14. dxc5 Nxc5 15. Nxc5 Bxc5 16. Rfd1 Bd6 17. Bg3 Rc8 18. Qb1 Rxc1 19. Qxc1 Bxf3 20. gxf3 e5 21.
Bxe5 1-0

[Event "*** Titled Tuesday Blitz"]
[Site "Chess.com"]
[Date "2020.05.05"]
[Round "4"]
[White "Shield12"]
[Black "LiderChessAcademy"]
[Result "1-0"]
[WhiteElo "2808"]
[BlackElo "2458"]
[TimeControl "180+1"]
[EndTime "10:38:49 PDT"]
[Termination "Shield12 won by checkmate"]

1. e4 c5 2. Nf3 d6 3. c3 Nf6 4. Bd3 Bg4 5. Bc2 Nc6 6. h3 Bh5 7. d3 e6 8. Bf4 Be7 9. Nbd2 d5 10. Qe2 O-O 11. g4 Bg6 12. h4 dxe4 13. dxe4 h5 14. gxh5 Bxh5 15. Rg1 e5 16. Bg5 Qb6 17. O-O-O Rad8 18. Kb1 Rd7 19. Nc4 Qc7 20. Ne3 Rfd8 21. Rxd7 Qxd7 22. Nf5 g6 23. Qe3 Ng4 24. Nxe7+ Nxe7 25.
Qxc5 f6 26. Bc1 b6 27. Qc4+ Kh7 28. Qf7+ Kh8 29. Rxg4 Bxg4 30. Qxf6+ Kh7 31. Ng5+ Kg8 32. Qf7+ Kh8 33. Qh7# 1-0

[Event "*** Titled Tuesday Blitz"]
[Site "Chess.com"]
[Date "2020.05.05"]
[Round "4"]
[White "Abund"]
[Black "Perimir"]
[Result "1-0"]
[WhiteElo "2639"]
[BlackElo "2352"]
[TimeControl "180+1"]
[EndTime "10:38:53 PDT"]
[Termination "Abund won by checkmate"]

1. Nf3 Nf6 2. c4 g6 3. Nc3 Bg7 4. e4 d6 5. d4 O-O 6. Be2 c5 7.
d5 e6 8. O-O exd5 9. exd5 Bg4 10. Qb3 b6 11. Bf4 Nh5 12. Bg5 f6 13. Be3 f5 14. Ng5 Bxe2 15. Nxe2 f4 16. Ne6 Qh4 17. Nxf8 fxe3 18. Ne6 Be5 19. f4 Qg4 20. fxe5 Qxe2 21. Rf8# 1-0

[Event "*** Titled Tuesday Blitz"]
[Site "Chess.com"]
[Date "2020.05.05"]
[Round "4"]
[White "WhiteCapital80"]
[Black "Enriquack"]
[Result "1-0"]
[WhiteElo "2465"]
[BlackElo "2282"]
[TimeControl "180+1"]
[EndTime "10:38:53 PDT"]
[Termination "WhiteCapital80 won by resignation"]

1. e4 c5 2. Nf3 e6 3. d4 cxd4 4. Nxd4 Nc6 5. Nc3 Qc7 6. Be2 Nf6 7. O-O Be7 8. Be3 O-O 9. f4 d6 10. Kh1 a6 11. a4 b6 12. Nxc6 Qxc6 13. Bf3 e5 14. f5 Bb7 15. Qe2 Rac8 16. g4 Nd7 17. Nd5 Bd8 18. c3 Qc4 19. Qg2 Bxd5 20. exd5 e4 21.
Be2 Qxd5 22. Rfd1 Qc6 23. Bxa6 Rb8 24. Bb5 Qc7 25. Qxe4 Nc5 26. Qf3 h6 27. Bf4 Be7 28. f6 Bxf6 29. Bxd6 Qb7 30. Qxb7 1-0

[Event "*** Titled Tuesday Blitz"]
[Site "Chess.com"]
[Date "2020.05.05"]
[Round "4"]
[White "Rafael_Ventura"]
[Black "FROGGY64"]
[Result "1-0"]
[WhiteElo "2297"]
[BlackElo "2444"]
[TimeControl "180+1"]
[EndTime "10:38:53 PDT"]
[Termination "Rafael_Ventura won by resignation"]

1. e4 c6 2. c4 d5 3. cxd5 cxd5 4. exd5 Nf6 5. Nc3 g6 6. Qb3 Bg7 7. Bc4 O-O 8. Nf3 Nbd7 9. O-O Nb6 10. d3 Bg4 11. Ne5 Bf5 12. Re1 a5 13. a4 h6 14.
Be3 Nxc4 15. dxc4 Ne8 16. Nf3 Nd6 17. Rac1 Rc8 18. Nb5 Ne4 19. Bd4 Bxd4 20. Nbxd4 Nc5 21. Qe3 Kh7 22. Nxf5 gxf5 23. Nd4 Qd7 24. b3 Rg8 25. g3 Ne4 26. Nxf5 Qxf5 27. Qxe4 Qxe4 28. Rxe4 Rc7 29. Rce1 e6 30. dxe6 fxe6 31. Rxe6 Rgg7 32. Rb6 Rcd7 33. Ree6 Rd1+ 34. Kg2 Rf7 35. Rxh6+ Kg7 36. Rhg6+ Kf8 37. Rgf6 Rd2 38. Rxf7+ Kxf7 39. Rxb7+ Kf6 40. Rb5 1-0

[Event "*** Titled Tuesday Blitz"]
[Site "Chess.com"]
[Date "2020.05.05"]
[Round "4"]
[White "albano87"]
[Black "MarcoRiehle"]
[Result "0-1"]
[WhiteElo "2399"]
[BlackElo "2618"]
[TimeControl "180+1"]
[EndTime "10:38:56 PDT"]
[Termination "MarcoRiehle won by resignation"]

1. Nf3 c5 2. c4 Nf6 3. g3 d5 4.
cxd5 Nxd5 5. Bg2 Nc6 6. O-O e5 7. Nc3 Be6 8. d3 Be7 9. Nxd5 Bxd5 10. Be3 O-O 11. Nd2 Rc8 12. Bxd5 Qxd5 13. Qb3 Qxb3 14. Nxb3 Nd4 15. Bxd4 cxd4 16. Rac1 b6 17. Rxc8 Rxc8 18. Rc1 Rxc1+ 19. Nxc1 f5 20. f4 exf4 21. gxf4 Bd6 22.
e3 dxe3 23. Ne2 h6 24. Kg2 g5 25. Nd4 Bxf4 26. Nxf5 Kh7 27. Kf3 Bxh2 28. Nxe3 h5 29.
d4 Kg6 30. b4 g4+ 31. Kg2 Bf4 32. Nd5 Kg5 33. b5 h4 34. Ne7 h3+ 35. Kh1 g3 36. Nc6 g2+ 37. Kg1 Be3+ 0-1

[Event "*** Titled Tuesday Blitz"]
[Site "Chess.com"]
[Date "2020.05.05"]
[Round "4"]
[White "tvjosue"]
[Black "Jaka_Brilej"]
[Result "1-0"]
[WhiteElo "2562"]
[BlackElo "2361"]
[TimeControl "180+1"]
[EndTime "10:38:56 PDT"]
[Termination "tvjosue won by resignation"]

1. c4 f5 2. Nc3 Nf6 3. Nh3 d6 4. g3 g6 5. Bg2 Bg7 6. O-O O-O 7. d4 c6 8. d5 e5 9. e4 c5 10. Ng5 Qe7 11. Ne6 Rf7 12. Nxg7 Kxg7 13. a3 Na6 14. f4 fxe4 15. fxe5 Qxe5 16. Bf4 Qe7 17. Qd2 Bf5 18. Rae1 Re8 19. h3 Kg8 20. g4 Bd7 21. Bg5 Qf8 22. Bh6 Qe7 23. Bg5 Qf8 24. Qe3 Nc7 25. Bh6 Qe7 26. Qg3 Kh8 27. Bf4 Ng8 28. Bxd6 Rxf1+ 29. Rxf1 Qd8 30. Bxc7 Qc8 31. Be5+ 1-0

[Event "*** Titled Tuesday Blitz"]
[Site "Chess.com"]
[Date "2020.05.05"]
[Round "4"]
[White "lIlIlIlI_lIl"]
[Black "Echecmat"]
[Result "1-0"]
[WhiteElo "2571"]
[BlackElo "2206"]
[TimeControl "180+1"]
[EndTime "10:38:57 PDT"]
[Termination "lIlIlIlI_lIl won by resignation"]

1. d4 Nf6 2. c4 g6 3. Nc3 Bg7 4. e4 d6 5. Bd3 Nc6 6. Nge2 e5 7. d5 Nd4 8. O-O O-O 9. Bg5 Nxe2+ 10. Qxe2 h6 11.
Bd2 c6 12. h3 cxd5 13. cxd5 Nh5 14. Be3 Nf4 15. Qd2 g5 16. Ne2 Bd7 17. Ng3 Qf6 18. Be2 Qg6 19. Bg4 Rfd8 20. Bxd7 Rxd7 21. Rac1 h5 22.
Nf5 Kh7 23. Rc3 Rg8 24. Rfc1 Bf8 25. Rc7 Rxc7 26. Rxc7 g4 27. h4 g3 28. fxg3 Qxg3 29. Nxg3 1-0

[Event "*** Titled Tuesday Blitz"]
[Site "Chess.com"]
[Date "2020.05.05"]
[Round "4"]
[White "Casablanca"]
[Black "Zhuu96"]
[Result "0-1"]
[WhiteElo "2475"]
[BlackElo "2918"]
[TimeControl "180+1"]
[EndTime "10:38:57 PDT"]
[Termination "Zhuu96 won by resignation"]

1. d4 Nf6 2. Bg5 d5 3. e3 Bg4 4. Nf3 e6 5. Nbd2 Nbd7 6. c3 c5 7. Bd3 Bd6 8. O-O O-O 9. Qc2 h6 10. Bh4 c4 11. Be2 Bf5 12. Qd1 b5 13. Bg3 Be7 14. Ne5 Rc8 15. Nxd7 Qxd7 16. a3 a5 17. f3 b4 18. axb4 axb4 19. Bh4 b3 20. Bxf6 Bxf6 21.
e4 Bh7 22. e5 Be7 23. f4 Ra8 24. Nf3 Ra2 25. Rxa2 bxa2 26. Qa1 Ra8 27. Rc1 Qb7 28.
Bd1 g5 29. fxg5 hxg5 30. Bc2 g4 31. Bxh7+ Kxh7 32. Nd2 Bg5 33. Rd1 f6 34. exf6 Qf7 35. Nf1 Qxf6 36. Ng3 Qg6 37. Kh1 Qc2 38. Rg1 Bc1 0-1

[Event "*** Titled Tuesday Blitz"]
[Site "Chess.com"]
[Date "2020.05.05"]
[Round "4"]
[White "Walter_White_Poland"]
[Black "pollo2016"]
[Result "0-1"]
[WhiteElo "2165"]
[BlackElo "2577"]
[TimeControl "180+1"]
[EndTime "10:38:58 PDT"]
[Termination "pollo2016 won on time"]

1. e4 e5 2. Nf3 Nc6 3. Bb5 g6 4. c3 a6 5. Ba4 Bg7 6. d4 exd4 7. cxd4 b5 8. Bb3 Nge7 9. O-O d6 10. a4 Na5 11.
Bc2 Bb7 12. Qe1 Nc4 13. b3 Nb6 14. a5 Nd7 15. Bg5 h6 16. Bh4 g5 17. Bg3 O-O 18. h3 Ng6 19. Nc3 Nf6 20. e5 Nh5 21. e6 f5 22. d5 Qf6 23. Ne2 Qxa1 24. Qxa1 Bxa1 25. Rxa1 Bxd5 26. Nfd4 Ne7 27. f3 f4 28. Bf2 c5 0-1